 Dungeon Crawl Stone Soup version 0.21.1-1-g345015f (webtiles) character file.

26485 beigtais the Cleaver (level 12, -11/95 HPs)
             Began as a Demonspawn Berserker on Feb 20, 2018.
             Was an Elder of Trog.
             Mangled by a minotaur
             ... wielding the +8 demon blade of Cruel Justice {vamp, rC+}
              (26 damage)
             ... in a labyrinth on May 18, 2018.
             The game lasted 02:22:43 (21534 turns).

beigtais the Cleaver (Demonspawn Berserker)        Turns: 21534, Time: 02:22:44

Health: -11/95     AC: 23    Str: 16 (17) XL:     12   Next: 98%
Magic:  14/14      EV:  9    Int:  8 (9)  God:    Trog [****..]
Gold:   708        SH:  6    Dex: 20      Spells: 11/11 levels left

rFire    . . .     SeeInvis +   O - +4 battleaxe (freeze)
rCold    + . .     Gourm    .   (shield currently unavailable)
rNeg     . . .     Faith    .   H - +2 plate armour {rC+}
rPois    .         Spirit   .   m - +2 helmet
rElec    .         Reflect  .   x - +0 cloak
rCorr    .         Harm     .   (no gloves)
MR       ++...     Rnd*Rage +   e - +1 pair of boots
Stlth    +.........             (no amulet)
HPRegen  0.25/turn              W - ring of see invisible
MPRegen  0.14/turn              V - ring of protection from magic

@: hasted, very quick
A: claws 1, large bone plates 2, agile 1, berserk 1, demonic guardian 1,
deterioration 1, high mp 1, magic resistance 1, nightstalker 2
a: Berserk, Trog's Hand, Brothers in Arms, Burn Spellbooks, Renounce Religion


You were in a labyrinth.
You worshipped Trog.
Trog was greatly pleased with you.
You were not hungry.

You visited 4 branches of the dungeon, and saw 17 of its levels.
You also visited: Labyrinth.

You collected 1647 gold pieces.
You spent 939 gold pieces at shops.

Inventory:

Hand Weapons
 d - a +0 blowgun
 f - a +3 hand axe of electrocution
 D - a +2 dagger of speed
 O - a +4 battleaxe of freezing (weapon)
Missiles
 h - 69 poisoned needles
 n - 89 tomahawks
 o - 8 tomahawks of returning
 F - 3 steel javelins (quivered)
 G - 7 curare-tipped needles
 J - 3 silver tomahawks
 N - 15 needles of sleeping
 T - 2 silver javelins
Armour
 e - a +1 pair of boots (worn)
 m - a +2 helmet (worn)
 x - a +0 cloak (worn)
 H - a +2 plate armour of cold resistance (worn)
Jewellery
 g - an uncursed ring of positive energy
 V - a ring of protection from magic (right claw)
 W - a ring of see invisible (left claw)
Wands
 j - a wand of disintegration (17)
 l - a wand of iceblast (2)
 p - a wand of paralysis (8)
 C - a wand of acid (4)
 L - a wand of scattershot (7)
 Q - a wand of flame (32)
Scrolls
 i - 5 scrolls of identify
 q - 7 scrolls of remove curse
 v - a scroll of blinking
 A - 3 scrolls of enchant armour
 K - a scroll of teleportation
 P - a scroll of summoning
 S - 2 scrolls of fear
 Y - a scroll of immolation
Potions
 b - 3 potions of curing
 k - 6 potions of flight
 t - 2 potions of ambrosia
 w - a potion of cancellation
 z - a potion of resistance
 B - 3 potions of haste
Books
 M - a book of Minor Magic

   Spells                             Type                      Level
   a - Magic Dart                     Conjuration                  1
   b - Blink                          Translocation                2
   c - Call Imp                       Summoning                    2
   d - Slow                           Hexes                        2
   e - Conjure Flame                  Conjuration/Fire             3
   f - Mephitic Cloud                 Conjuration/Poison/Air       3
   Trog disapproves of the use of such an item.
Comestibles
 c - 17 rations


   Skills:
 * Level 9.0 Fighting
 * Level 2.5 Short Blades
 * Level 12.9 Axes
 * Level 6.9 Throwing
 * Level 8.8 Armour
 * Level 6.7 Dodging
 + Level 4.3 Stealth
 + Level 1.2 Evocations


You had 11 spell levels left.
You didn't know any spells.

Dungeon Overview and Level Annotations

Branches:
Dungeon (12/15)            Temple (1/1) D:5            Lair (2/6) D:8
    Orc (2/2) D:12            Elf (0/3) Orc:2
  Swamp: Lair:2-4    Shoals: Lair:2-4     Snake: Lair:2-4    Spider: Lair:2-4

Altars:
Ashenzari
Cheibriados
Dithmenos
Elyvilon
Fedhas
Gozag
Hepliaklqana
Kikubaaqudgha
Makhleb
Nemelex Xobeh
Okawaru
Qazlal
Ru
Sif Muna
Trog
Uskayaw
Vehumet
Wu Jian
Xom
Yredelemnul
Zin
The Shining One
Beogh

Shops:
D:11 (   Orc:2 =:=(?


Innate Abilities, Weirdness & Mutations

You have sharp fingernails.
You are mostly covered in large bone plates. (SH +6)
A weak demonic guardian rushes to your aid.
You are significantly more attuned to the shadows.
You are agile. (Dex +2)
You tend to lose your temper in combat.
Your body sometimes deteriorates upon taking damage.
You have an increased reservoir of magic. (+10% MP)
You are resistant to hostile enchantments. (MR+)


Message History

You assume a fearsome visage.
The minotaur resists with almost no effort.
The minotaur is engulfed in blazing flames.
The minotaur hits you but does no damage.
The minotaur gores you but does no damage.
Your ogre hits the minotaur but does no damage.
The minotaur blocks your attack.
The minotaur is heavily wounded.
The minotaur is engulfed in blazing flames.
The minotaur closely misses you.
The minotaur gores you but does no damage.
You hit the minotaur. You freeze the minotaur.
The minotaur is severely wounded.
Your ogre hits the minotaur with a giant club!
You hit the minotaur but do no damage.
The minotaur is severely wounded.
The minotaur blocks your ogre's attack.
The minotaur is engulfed in blazing flames.
The minotaur hits you with a twisted demon blade {vamp}!!
You die...

# #. . . . ...#.
. #. .# ..#.#
##.#####. # # .
...#. . #.
###.#.####### ..
#.#...#.....# .
.(...OH@...#
#...#########...
## . . ' .#.#
..#.### .# #..


You could see a minotaur and a friendly ogre (berserk).

Vanquished Creatures
  Fannar (D:12)
  2 two-headed ogres
  2 orc high priests (Orc:2)
  3 unseen horrors
  5 orc knights
  A manticore (D:12)
  An ugly thing (D:12)
  2 deep elf magi (D:12)
  A gargoyle (D:10)
  5 trolls
  A hornet (D:10)
  3 hippogriffs
  A spriggan (D:7)
  A wraith (D:12)
  18 yaks
  The ghost of jazmu the Skirmisher, an amateur FoMo (D:4)
  3 basilisks (Lab)
  5 hungry ghosts
  2 wargs (Orc:1)
  3 vampire mosquitoes (D:12)
  4 water moccasins
  2 hell hounds (D:8)
  24 orc warriors
  2 porcupines (Lair:2)
  An eye of draining (D:12)
  2 phantoms
  2 ice beasts
  2 sky beasts
  5 centaurs
  5 ogres
  7 crocodiles
  2 big kobolds
  3 bullfrogs
  A wyvern skeleton (D:10)
  3 scorpions
  8 killer bees
  4 electric eels
  5 wights (D:12)
  2 howler monkeys
  2 crimson imps
  4 hounds
  31 orc priests
  A jelly (D:8)
  13 orc wizards
  3 bullfrog skeletons
  3 iguanas
  Ijyb (D:3)
  Terence (D:3)
  Natasha (thrice) (D:2)
  4 hell rats (Lair:2)
  9 worker ants
  A hound zombie (D:10)
  14 adders
  4 gnolls (D:9)
  3 shadow imps
  An ooze (D:4)
  2 adder skeletons
  An adder zombie (D:6)
  3 worms
  A dart slug (D:1)
  6 leopard geckos
  116 orcs
  5 giant cockroaches
  3 hobgoblins
  10 jackals
  9 quokkas
  2 ball pythons
  3 bats
  4 frilled lizards (D:1)
  10 goblins
  A jackal skeleton (D:5)
  18 kobolds
  3 leopard gecko skeletons
  2 quokka skeletons
  6 rats
448 creatures vanquished.

Vanquished Creatures (collateral kills)
  A two-headed ogre (D:9)
  4 orc high priests (Orc:2)
  An orc knight (Orc:2)
  An oklob plant (Lair:2)
  2 hippogriffs
  3 yaks
  A hungry ghost (D:11)
  10 orc warriors (Orc:2)
  An ice beast (D:5)
  An ogre (D:6)
  A centaur (D:11)
  2 bullfrogs
  2 howler monkeys (D:8)
  4 killer bees
  A bullfrog zombie (D:5)
  2 orc priests (Orc:2)
  An adder (D:9)
  5 orcs
  A kobold (D:8)
44 creatures vanquished.

Grand Total: 492 creatures vanquished

Notes
Turn   | Place    | Note
-------+----------+-------------------------------------------
     0 | D:1      | beigtais the Demonspawn Berserker began the quest for the Orb.
     0 | D:1      | Reached XP level 1. HP: 18/18 MP: 1/1
   147 | D:1      | Gained mutation: You are resistant to hostile enchantments. (MR+) [potion of mutation]
   147 | D:1      | Gained mutation: You are frail. (-10% HP) [potion of mutation]
   147 | D:1      | Gained mutation: Your spells are a little harder to cast, but a little more powerful. [potion of mutation]
   147 | D:1      | Gained mutation: You have an increased reservoir of magic. (+10% MP) [potion of mutation]
   163 | D:1      | Found a shattered altar of Ashenzari.
   326 | D:1      | Gained mutation: You have sharp fingernails. [demonic ancestry]
   326 | D:1      | Reached XP level 2. HP: 20/21 MP: 2/2
   836 | D:2      | Reached skill level 3 in Axes
   847 | D:2      | Reached XP level 3. HP: 25/26 MP: 3/3
  1213 | D:2      | Noticed Natasha
  1347 | D:2      | Killed Natasha
  1573 | D:2      | Reached XP level 4. HP: 31/31 MP: 4/4
  1576 | D:2      | Reached skill level 1 in Throwing
  1771 | D:2      | Noticed Natasha
  1779 | D:2      | Killed Natasha
  1972 | D:2      | Reached ** piety under Trog
  2252 | D:2      | Noticed Natasha
  2262 | D:2      | Killed Natasha
  2262 | D:2      | Gained mutation: You are slightly more attuned to the shadows. [demonic ancestry]
  2262 | D:2      | Reached XP level 5. HP: 23/37 MP: 5/5
  2573 | D:3      | Reached skill level 4 in Axes
  3008 | D:3      | Noticed Terence
  3014 | D:3      | Killed Terence
  3014 | D:3      | Gained mutation: A weak demonic guardian rushes to your aid. [demonic ancestry]
  3014 | D:3      | Reached XP level 6. HP: 43/43 MP: 6/6
  3153 | D:3      | Noticed Ijyb
  3159 | D:3      | Killed Ijyb
  3455 | D:3      | Reached *** piety under Trog
  3536 | D:4      | Found a transporter.
  3552 | D:4      | Noticed a kobold demonologist
  3697 | D:4      | Noticed jazmu's ghost (amateur FoMo)
  3855 | D:4      | Noticed an orange demon
  3859 | D:4      | Noticed a hellwing
  3861 | D:4      | Found a transporter.
  4197 | D:4      | Reached skill level 5 in Axes
  4369 | D:4      | Found a deep blue altar of Sif Muna.
  4617 | D:4      | Killed jazmu's ghost
  4617 | D:4      | Reached XP level 7. HP: 41/49 MP: 7/7
  4711 | D:4      | Found a glowing golden altar of the Shining One.
  5245 | D:5      | Entered Level 5 of the Dungeon
  5325 | D:5      | Reached skill level 1 in Stealth
  5382 | D:5      | Found a staircase to the Ecumenical Temple.
  5387 | Temple   | Entered the Ecumenical Temple
  5565 | D:5      | Found a shadowy altar of Dithmenos.
  5740 | D:5      | Reached skill level 6 in Axes
  5746 | D:5      | Gained mutation: You are significantly more attuned to the shadows. [demonic ancestry]
  5746 | D:5      | Reached XP level 8. HP: 38/54 MP: 8/8
  5846 | D:5      | Reached **** piety under Trog
  5919 | D:5      | Found a basalt altar of Yredelemnul.
  6306 | D:6      | Reached skill level 5 in Fighting
  7113 | D:6      | Found an ancient bone altar of Kikubaaqudgha.
  7731 | D:7      | Reached skill level 7 in Axes
  7795 | D:7      | Found an ornate altar of the Wu Jian Council.
  8150 | D:8      | Found a staircase to the Lair.
  8174 | D:8      | Reached XP level 9. HP: 33/61 MP: 9/9
  8262 | D:8      | Reached skill level 5 in Armour
  9270 | D:8      | Reached skill level 8 in Axes
  9798 | D:9      | Found a radiant altar of Vehumet.
  9841 | D:9      | Noticed a two-headed ogre
  9875 | D:9      | Killed a two-headed ogre
  9875 | D:9      | Received a gift from Trog
  9973 | D:9      | Noticed a troll
  9996 | D:9      | Killed a troll
 10344 | D:9      | You fall through a shaft!
 10344 | D:10     | Entered Level 10 of the Dungeon
 10444 | D:10     | Noticed a gargoyle
 10465 | D:10     | Killed a gargoyle
 10691 | D:10     | Reached XP level 10. HP: 62/68 MP: 11/11
 12005 | D:10     | Reached skill level 9 in Axes
 12630 | D:10     | Killed an unseen horror
 13066 | D:11     | Found Bukkypp's Weapon Emporium.
 13066 | D:11     | Noticed a two-headed ogre
 13094 | D:11     | Killed a two-headed ogre
 13094 | D:11     | Reached skill level 5 in Dodging
 13100 | D:11     | Reached skill level 5 in Throwing
 13107 | D:11     | Reached skill level 1 in Evocations
 13299 | D:11     | Lost mutation: You are resistant to hostile enchantments. (MR+) [potion of mutation]
 13299 | D:11     | Lost mutation: You are frail. (-10% HP) [potion of mutation]
 13299 | D:11     | Lost mutation: Your spells are a little harder to cast, but a little more powerful. [potion of mutation]
 13299 | D:11     | Gained mutation: You are resistant to hostile enchantments. (MR+) [potion of mutation]
 13299 | D:11     | Gained mutation: You tend to lose your temper in combat. [potion of mutation]
 13299 | D:11     | Gained mutation: Your body sometimes deteriorates upon taking damage. [potion of mutation]
 13299 | D:11     | Gained mutation: You are agile. (Dex +2) [potion of mutation]
 13371 | D:11     | Reached skill level 10 in Axes
 13610 | D:11     | Reached ***** piety under Trog
 13666 | D:11     | Gained mutation: You are partially covered in large bone plates. (SH +4) [demonic ancestry]
 13666 | D:11     | Reached XP level 11. HP: 79/83 MP: 12/12
 14070 | D:12     | Received a gift from Trog
 14084 | D:12     | Found a staircase to the Orcish Mines.
 14546 | D:12     | Found a deep blue altar of Sif Muna.
 14823 | D:12     | Noticed a deep elf mage
 14832 | D:12     | Killed a deep elf mage
 15385 | D:12     | Noticed a cyan ugly thing
 15391 | D:12     | Killed a cyan ugly thing
 15499 | D:12     | Noticed a deep elf mage
 15509 | D:12     | Killed a deep elf mage
 15509 | D:12     | Reached skill level 11 in Axes
 15729 | D:12     | Noticed a two-headed ogre
 15737 | D:12     | Noticed Fannar
 15739 | D:12     | Killed a two-headed ogre
 15739 | D:12     | Received a gift from Trog
 15748 | D:12     | Killed Fannar
 15945 | Orc:1    | Entered Level 1 of the Orcish Mines
 16035 | Orc:1    | Found a roughly hewn altar of Beogh.
 16067 | Orc:1    | Noticed an orc knight
 16075 | Orc:1    | Killed an orc knight
 16077 | Orc:1    | Received a gift from Trog
 16093 | Orc:1    | Gained mutation: You are mostly covered in large bone plates. (SH +6) [demonic ancestry]
 16093 | Orc:1    | Reached XP level 12. HP: 32/92 MP: 14/14
 16438 | Orc:2    | Entered Level 2 of the Orcish Mines
 16467 | Orc:2    | Found Jely's Jewellery Boutique.
 16915 | Orc:2    | Noticed an orc high priest
 16933 | Orc:2    | Killed an orc high priest
 17699 | Orc:1    | Reached skill level 12 in Axes
 18388 | Orc:2    | Noticed an orc high priest
 18813 | Orc:2    | Killed an orc high priest
 18813 | Orc:2    | Reached skill level 1 in Short Blades
 18865 | Orc:2    | Received a gift from Trog
 19136 | Orc:2    | Found a staircase to the Elven Halls.
 19189 | Orc:2    | Noticed an orc high priest
 19565 | Orc:2    | Noticed an orc high priest
 19566 | Orc:2    | Noticed an orc high priest
 19569 | Orc:2    | Killed an orc high priest
 19571 | Orc:2    | Killed an orc high priest
 19588 | Orc:2    | Killed an orc high priest
 19818 | Orc:2    | Noticed an orc high priest
 19822 | Orc:2    | Killed an orc high priest
 19836 | Orc:2    | Found Gaonnoaj's Magic Scroll Shoppe.
 19836 | Orc:2    | Found Oreqiy's Book Shoppe.
 19837 | Orc:2    | Found Vuakuts's Weapon Emporium.
 19837 | Orc:2    | Found Hagaess's Jewellery Shoppe.
 19847 | Orc:2    | Bought a scroll of identify for 28 gold pieces
 19847 | Orc:2    | Bought a scroll of teleportation for 42 gold pieces
 19847 | Orc:2    | Bought a scroll of identify for 28 gold pieces
 19847 | Orc:2    | Bought a scroll of identify for 28 gold pieces
 19847 | Orc:2    | Bought a scroll of summoning for 133 gold pieces
 19851 | Orc:2    | Bought an uncursed ring of protection from magic for 425 gold pieces
 19851 | Orc:2    | Bought an uncursed ring of see invisible for 255 gold pieces
 20100 | Lair:1   | Entered Level 1 of the Lair of Beasts
 21070 | Lair:2   | Found a labyrinth entrance.
 21095 | Lab      | Entered a labyrinth
 21506 | Lab      | Noticed a minotaur
 21534 | Lab      | Identified the +8 demon blade of Cruel Justice {vamp, rC+}
 21534 | Lab      | Mangled by a minotaur

Skill      XL: |  1  2  3  4  5  6  7  8  9 10 11 12 |
---------------+-------------------------------------+-----
Dodging        | 2 3 4 5 6 |  6.7
Axes           | 3 4 5 6 7 8 10 11 12 | 12.9
Armour         | 2 3 4 6 7 8 |  8.8
Throwing       | 1 2 3 4 5 6 |  6.9
Fighting       | 4 5 6 7 9 |  9.0
Stealth        | 1 2 3 4 |  4.3
Evocations     | 1 |  1.2
Short Blades   | 2 |  2.5

Action                   |  1- 3 |  4- 6 |  7- 9 | 10-12 || total
-------------------------+-------+-------+-------+-------++-------
Melee: Hand axe          |    63 |   180 |   383 |   301 ||   927
       Battleaxe         |       |       |       |   402 ||   402
       Dagger            |       |       |       |    98 ||    98
Throw: Stone             |     1 |     5 |       |       ||     6
       Tomahawk          |       |     5 |    14 |    41 ||    60
       Javelin           |       |       |       |    40 ||    40
Invok: Berserk           |     2 |     2 |     3 |     1 ||     8
       Trog's Hand       |       |       |     2 |     1 ||     3
       Brothers in Arms  |       |       |       |     7 ||     7
       Burn Spellbooks   |       |       |       |     2 ||     2
Evoke: Wand              |       |       |     2 |    12 ||    14
  Use: Potion            |     2 |     2 |     2 |     7 ||    13
       Scroll            |     1 |     9 |    10 |    10 ||    30
 Stab: Sleeping          |     1 |     1 |    15 |     9 ||    26
       Distracted        |       |       |     2 |    10 ||    12
       Confused          |       |       |       |     9 ||     9
  Eat: Ration            |     1 |     2 |     3 |     6 ||    12
       Chunk             |       |     6 |    12 |    28 ||    46
Armor: Leather armour    |    12 |     1 |       |       ||    13
       Scale mail        |       |    50 |   165 |   240 ||   455
       Chain mail        |       |     4 |       |       ||     4
       Plate armour      |       |    34 |       |    36 ||    70
       Ring mail         |       |       |       |    15 ||    15
Dodge: Dodged            |    35 |    95 |   188 |   398 ||   716
Block: Other             |       |       |       |   114 ||   114
